 Dungeon Crawl Stone Soup version 0.27-a0-1281-ge233d83751 (webtiles) character file.

Game seed: 7657839005929097600

100 freelancePsychic the Ruffian (level 4, -5/28 HPs)
             Began as a Vampire Fighter on June 13, 2021.
             Slain by a scorpion (6 damage)
             ... on level 4 of the Dungeon.
             The game lasted 00:04:05 (2744 turns).

freelancePsychic the Ruffian (Vampire Fighter)      Turns: 2744, Time: 00:04:06

Health: -5/28      AC:  6    Str: 16    XL:     4   Next: 47%
Magic:  4/4        EV:  6    Int: 10    God:
Gold:   140        SH:  9    Dex: 13    Spells: 3/3 levels left

rFire    . . .     SeeInvis +     - Unarmed
rCold    + + .     Faith    .   b - +0 kite shield
rNeg     + + +     Spirit   .   a - +0 scale mail
rPois    ∞         Reflect  .   (no helmet)
rElec    .         Harm     .   (no cloak)
rCorr    .         Rampage  .   (no gloves)
Will     .....                  (no boots)
Stlth    ++........             (no amulet)
HPRegen  0.00/turn              (no ring)
MPRegen  0.09/turn              (no ring)

@: bloodless
A: bloodless, fangs 3, see invisible, vampiric 2
a: Bat Form, Revivify


You were on level 4 of the Dungeon.
You visited 1 branch of the dungeon, and saw 4 of its levels.

You collected 140 gold pieces.

Inventory:

Missiles
 g - 42 poisoned darts (quivered)
Armour
 a - a +0 scale mail (worn)
 b - a +0 kite shield (worn)
Scrolls
 d - 2 scrolls of identify {unknown}
 f - a scroll of enchant weapon {unknown}
 h - a scroll of blinking {unknown}
 i - 3 scrolls of fog {unknown}
 j - a scroll of fear {unknown}
Potions
 c - a potion of might
 e - a potion of curing {unknown}
 k - a potion of heal wounds {unknown}


   Skills:
 + Level 3.3 Fighting
 - Level 2.4 Armour
 + Level 3.3 Shields
 * Level 4.0 Unarmed Combat


You had 3 spell levels left.
You didn't know any spells.
Your spell library was empty.

Dungeon Overview and Level Annotations

Branches:
Dungeon (4/15)
 Temple: D:4-7

Altars:

Shops:
D:3 :


Innate Abilities, Weirdness & Mutations

You do not regenerate when monsters are visible.
You are frail without blood (-20% HP).
You can heal yourself when you bite living creatures.
You are immune to poison.
You have razor-sharp teeth.
You have supernaturally acute eyesight. (SInv)
You are afflicted with vampirism and can become a bat while bloodless.


Message History

Things that are here:
a +0 short sword; a +0 scale mail You open the door.
There is an open door here.
A scorpion comes into view.
Found a scroll labelled GAOBEV YLEI.
Found a stone staircase leading down.
You throw a poisoned dart.
The poisoned dart barely misses the scorpion.
You begin bloodletting.
You continue bloodletting. x2
The scorpion barely misses you.
You continue bloodletting.
You block the scorpion's attack.
Keep bloodletting?
You continue bloodletting.
The scorpion stings you. You block the scorpion's attack.
You continue bloodletting.
You block the scorpion's attack.
Now bloodless.
You hit the scorpion but do no damage. The scorpion stings you.
You hit the scorpion.
The scorpion is moderately wounded.
The scorpion stings you! You block the scorpion's attack.
You hit the scorpion.
The scorpion is heavily wounded.
The scorpion stings you but does no damage.
The scorpion barely misses you.
You closely miss the scorpion.
The scorpion is heavily wounded.
The scorpion stings you but does no damage.
You block the scorpion's attack.
You closely miss the scorpion.
The scorpion is heavily wounded.
The scorpion stings you.
* * * LOW HITPOINT WARNING * * *
You block the scorpion's attack. The scorpion stings you.
* * * LOW HITPOINT WARNING * * *
You barely miss the scorpion. You bite the scorpion.
The scorpion is severely wounded.
The scorpion stings you.
You die...

.... #.......
.....#.#.##.# ###
....#.#'##.# ..#
........#.#
).#######.#....#.##
...............#..#
###............#s.#.###
#...).........@.?...#
#.........#####s#.#.#
#.........+ ...
#.........# ...#
######'#### .?.#
########.# .(.#
.........# .#.#
########## ##.>


You could see 2 scorpions.

Vanquished Creatures
  4 gnolls (D:2)
  2 dart slugs (D:1)
  3 orcs
  3 ball pythons
  An endoplasm (D:2)
  3 giant cockroaches
  2 goblins
  6 hobgoblins
  7 jackals
  2 quokkas
  7 bats
  3 kobolds
  8 rats
51 creatures vanquished.

Notes
Turn   | Place    | Note
-------+----------+-------------------------------------------
     0 | D:1      | freelancePsychic the Vampire Fighter began the quest for
                  | the Orb.
     0 | D:1      | Reached XP level 1. HP: 17/17 MP: 1/1
   181 | D:1      | Reached XP level 2. HP: 17/23 MP: 2/2
   308 | D:1      | Found a faded altar of an unknown god.
   599 | D:1      | Reached skill level 3 in Unarmed Combat
  1076 | D:2      | Gained mutation: You are afflicted with vampirism and can
                  | become a bat while bloodless. [Vampire growth]
  1076 | D:2      | Reached XP level 3. HP: 29/29 MP: 3/3
  1346 | D:2      | Reached XP level 4. HP: 4/35 MP: 4/4
  2114 | D:3      | Found Feydweni's Book Shoppe.
  2411 | D:3      | Reached skill level 4 in Unarmed Combat
  2731 | D:4      | Noticed a scorpion
  2736 | D:4      | Noticed a scorpion
  2743 | D:4      | HP: 1/28 [scorpion (6)]
  2744 | D:4      | Slain by a scorpion

Illustrated notes

Levels and vault maps discovered:
D:1:      mrwooster_arrival_statue_3, layout_basic,
          ebering_ecumenical_altar_mist
D:2:      layout_basic
D:3:      layout_basic, serial_shops, shop, kennysheep_potato
D:4:      layout_basic

Skill      XL: |  1  2  3  4 |
---------------+-------------+-----
Unarmed Combat | 3 4 |  4.0
Shields        | 3 |  3.3
Fighting       | 3 |  3.3
Armour         | |  2.4

Action                   |  1- 3 |  4- 6 || total
-------------------------+-------+-------++-------
Melee: Unarmed           |   110 |    70 ||   180
       Bite              |    17 |     6 ||    23
Throw: Dart              |    34 |     9 ||    43
 Abil: Exsanguinate      |       |     1 ||     1
  Use: Scroll            |     1 |       ||     1
Armor: Scale mail        |    67 |    27 ||    94
Dodge: Dodged            |    33 |    19 ||    52
Block: Kite shield       |    65 |    32 ||    97

Table legend: (Time is in decaauts)
 A = Elapsed time spent in this place.
 B = Non-inter-level travel time spent in this place.
 C = Inter-level travel time spent in this place.
 D = Time resting spent in this place.
 E = Time spent auto-exploring this place.
 F = Levels seen in this place.
 G = Mean time per level.
                   A        B        C        D        E       F      G
               +--------+--------+--------+--------+--------+-----+--------+
         Total |   2787 |   2692 |     95 |    107 |   2081 |   4 |  696.8 |
       Dungeon |   2787 |   2692 |     95 |    107 |   2081 |   4 |  696.8 |
               +--------+--------+--------+--------+--------+-----+--------+

Top non-repeatable levels by time:
     D:2: 1196 daAuts
     D:1: 825 daAuts
     D:3: 596 daAuts
     D:4: 168 daAuts
